 Dungeon Crawl Stone Soup version 0.20.0-8-g6b59dc7 (webtiles) character file.

587 Ketharn the Destroyer (level 7, -39/36 HPs)
             Began as a Deep Elf Conjurer on May 31, 2017.
             Killed from afar by a shadow imp (47 damage)
             ... with an exploding inner flame
             ... hexed by the player character
             ... on level 5 of the Dungeon.
             The game lasted 00:28:58 (3957 turns).

Ketharn the Destroyer (Deep Elf Conjurer)           Turns: 3957, Time: 00:28:59

Health: -39/36     AC:  3    Str:  6    XL:     7   Next: 15%
Magic:  1/13       EV: 13    Int: 21    God:
Gold:   141        SH:  0    Dex: 15    Spells: 7/12 levels left

rFire    . . .     SeeInvis .   h - +0 scythe (flame)
rCold    . . .     Gourm    .   (shield currently unavailable)
rNeg     . . .     Faith    .   r - +0 robe
rPois    .         Spirit   .   (no helmet)
rElec    .         Reflect  .   (no cloak)
rCorr    .         Harm     .   (no gloves)
MR       .....                  j - +0 pair of boots
Stlth    +++.......             (no amulet)
Regen    0.2/turn               e - ring of stealth
MPRegen  0.2/turn               (no ring)

@: lethally poisoned (-39 -> -47)
A: no striking features
a: no special abilities


You were on level 5 of the Dungeon.
You were not hungry.

You visited 1 branch of the dungeon, and saw 5 of its levels.

You collected 141 gold pieces.

Inventory:

Hand Weapons
 h - a +0 scythe of flaming (weapon)
Armour
 i - a +0 animal skin
 j - a +0 pair of boots (worn)
 r - a +0 robe (worn)
Jewellery
 e - a ring of stealth (left hand)
Scrolls
 d - a scroll of recharging
 m - a scroll of enchant weapon
Potions
 f - 6 potions of curing
 l - a potion of haste {unknown}
 n - a potion of heal wounds {unknown}
 p - a potion of magic {unknown}
 s - 2 potions of agility {unknown}
Books
 b - a book of Conjurations

   Spells                             Type                      Level
   a - Magic Dart                     Conjuration                  1
   b - Searing Ray                    Conjuration                  2
   c - Dazzling Spray                 Conjuration/Hexes            3
   d - Fulminant Prism                Conjuration/Hexes            4
   e - Force Lance                    Conjuration/Translocation    4
   f - Iskenderun's Mystic Blast      Conjuration                  4
Comestibles
 a - 2 meat rations
 c - a bread ration
 k - 3 royal jellies


   Skills:
 - Level 2.4 Dodging
 - Level 2.4 Stealth
 - Level 3.0 Spellcasting
 + Level 9.5 Conjurations


You had 7 spell levels left.
You knew the following spells:

 Your Spells              Type           Power        Failure   Level  Hunger
a - Magic Dart            Conj           ####         1%          1    None
b - Iskenderun's Mystic   Conj           #####...     2%          4    ####...


Dungeon Overview and Level Annotations

Branches:
Dungeon (5/15)
 Temple: D:4-7

Altars:
Vehumet

Annotations:
D:4 Pikel


Message History

You completely miss the shadow imp.
The shadow imp is severely wounded.
The worker ant bites you.
You are poisoned.
The worker ant poisons you! The worker ant completely misses you.
The shadow imp hits you. The worker ant misses you.
The shadow imp gestures at you. Pain shoots through your body!
* * * LOW HITPOINT WARNING * * *
Unknown command.
Casting: Iskenderun's Mystic Blast
Confirm with . or Enter, or press ? or * to list all spells.
Aiming: Magic Dart
Press: ? - help, Shift-Dir - straight line, f - shadow imp
Aim: a shadow imp (severely wounded, inner flame)
The magic dart hits the shadow imp.
The shadow imp explodes!
The fiery explosion engulfs you!
Ouch! That really hurt!
You die...

##########
#........#
#........#
#........#
#..§§....#
#..§§@a..#
#%.§.§.......
#.......?.#..
#.........#
#.(......##
###.#.....
#.#.$##.#
#.#... .#


You could see a worker ant (inner flame).

Vanquished Creatures
  Sigmund (D:3)
  A slave (D:4)
  A centaur zombie (D:5)
  A crimson imp (D:4)
  2 orc priests
  3 orc wizards (D:4)
  2 worker ants (D:4)
  4 gnolls
  5 adders
  2 leopard geckos
  10 orcs
  6 bats
  5 giant cockroaches
  5 goblins
  12 hobgoblins
  3 kobolds
  4 quokkas
  A ball python (D:3)
  4 frilled lizards
  5 rats
77 creatures vanquished.

Vanquished Creatures (others)
  A bat (D:2)
1 creature vanquished.

Grand Total: 78 creatures vanquished

Notes
Turn   | Place    | Note
-------+----------+-------------------------------------------
     0 | D:1      | Ketharn the Deep Elf Conjurer began the quest for the Orb.
     0 | D:1      | Reached XP level 1. HP: 10/10 MP: 6/6
   190 | D:1      | Reached XP level 2. HP: 15/15 MP: 5/8
   256 | D:1      | Reached skill level 5 in Conjurations
   568 | D:2      | Reached XP level 3. HP: 19/19 MP: 6/9
   948 | D:2      | Reached skill level 6 in Conjurations
   961 | D:2      | Found a radiant altar of Vehumet.
  1540 | D:3      | Reached XP level 4. HP: 24/24 MP: 8/10
  1907 | D:3      | Found a faded altar of an unknown god.
  1922 | D:3      | Reached skill level 7 in Conjurations
  1922 | D:3      | Reached XP level 5. HP: 28/28 MP: 5/11
  1964 | D:3      | Learned a level 4 spell: Iskenderun's Mystic Blast
  2162 | D:3      | Noticed Sigmund
  2253 | D:3      | Killed Sigmund
  2253 | D:3      | Reached skill level 8 in Conjurations
  2253 | D:3      | Reached XP level 6. HP: 32/32 MP: 3/12
  3120 | D:4      | Reached skill level 9 in Conjurations
  3370 | D:4      | Noticed a slave
  3379 | D:4      | Killed a slave
  3429 | D:4      | Reached XP level 7. HP: 36/36 MP: 1/13
  3637 | D:4      | Noticed Pikel
  3949 | D:5      | Entered Level 5 of the Dungeon
  3957 | D:5      | Killed from afar by a shadow imp

Skill      XL: |  1  2  3  4  5  6 |
---------------+-------------------+-----
Conjurations   | 5 6 7 8 9 |  9.5
Dodging        | |  2.4
Stealth        | |  2.4
Spellcasting   | |  3.0

Action                   |  1- 3 |  4- 6 |  7- 9 || total
-------------------------+-------+-------+-------++-------
Melee: Unarmed           |     8 |       |       ||     8
       Spear             |     3 |       |       ||     3
       Scythe            |       |       |     3 ||     3
 Cast: Magic Dart        |    62 |    82 |     7 ||   151
       Iskenderun's Myst |       |    16 |     8 ||    24
  Use: Scroll            |     5 |     7 |     4 ||    16
  Eat: Chunk             |     2 |     3 |       ||     5
       Bread ration      |       |     1 |       ||     1
       Meat ration       |       |     1 |       ||     1
Armor: Robe              |     2 |     1 |     1 ||     4
Dodge: Dodged            |    13 |    15 |     9 ||    37
